 Dungeon Sprint DCSS version 0.16-a0-3781-g2316936 (console) character file.

252 Monkaria the Carver (level 6, -1/63 HPs)
             Began as a Hill Orc Fighter on Jan 25, 2015.
             Was a Follower of Makhleb.
             Slain by an unseen horror (9 damage)
             ... in the Dungeon (Sprint IX: "|||||||||||||||||||||||||||||").
             The game lasted 00:01:31 (336 turns).

Monkaria the Carver (Hill Orc Fighter)               Turns: 336, Time: 00:01:31

Health: -1/63      AC:  9    Str: 32    XL:     6   Next: 14%
Magic:  6/6        EV:  8    Int:  8    God:    Makhleb [*.....]
Gold:   0          SH: 10    Dex: 10    Spells: 0 memorised, 5 levels left

rFire  . . .     SeeInvis .     p - +2 scimitar (holy)
rCold  . . .     Clarity  .     u - +2 ring mail
rNeg   . . .     SustAb   .     c - +0 shield
rPois  .         Gourm    .     r - +0 helmet
rElec  .         Spirit   .     (no cloak)
rCorr  .         Warding  .     q - +0 pair of gloves
rMut   .         NoTele   +     (no boots)
MR     .....                    (no amulet)
Stlth  ..........               t - +3 ring of strength
                                s - +3 ring of strength

@: mighty, very slightly contaminated, hasted, drained, invisible, very quick,
not resistant to hostile enchantments, extremely unstealthy
A: no striking features
a: Renounce Religion


You were in the Dungeon.
You worshipped Makhleb.
Makhleb was aware of your devotion.
You were not hungry.

You visited 1 branch

Inventory:

Hand weapons
 p - a +2 scimitar of holy wrath (weapon)
Armour
 c - a +0 shield (worn)
 q - a +0 pair of gloves (worn)
 r - a +0 helmet (worn)
 u - a +2 ring mail (worn)
Jewellery
 s - a +3 ring of strength (left hand)
 t - a +3 ring of strength (right hand)
Magical devices
 o - a wand of fire (7)
Scrolls
 k - 2 scrolls of blinking
 m - 3 scrolls of remove curse
 n - 2 scrolls of amnesia
Potions
 f - 3 potions of curing
 i - 4 potions of magic
 j - a potion of berserk rage
Comestibles
 d - a meat ration


   Skills:
 + Level 9.2(8.8) Fighting
 * Level 11.0(10.6) Long Blades
 - Level 3.2(2.9) Armour
 - Level 3.2(2.9) Shields


You had 5 spell levels left.
You didn't know any spells.

Dungeon Overview and Level Annotations

Branches:
Dungeon (1/1)

Altars:
Cheibriados
Dithmenos
Elyvilon
Fedhas
Gozag
Kikubaaqudgha
Makhleb
Nemelex Xobeh
Okawaru
Qazlal
Ru
Sif Muna
Trog
Vehumet
Xom
Yredelemnul
Zin
The Shining One
Beogh
Jiyva
Lugonu


Message History

The wight hits you from afar with a trident.
* * * LOW HITPOINT WARNING * * *
Drink which item? (? for menu, Esc to quit)
You feel much better. You block its attack.
The wight hits you from afar with a trident!
You feel drained.
Drink which item? (? for menu, Esc to quit)
You feel very mighty all of a sudden. Something hits you! x2
* * * LOW HITPOINT WARNING * * *
The wight barely misses you.
Drink which item? (? for menu, Esc to quit)
You fade into invisibility!
Something hits you!
* * * LOW HITPOINT WARNING * * *
You block its attack. The wight hits you but does no damage.
You are very lightly contaminated with residual magic.
Drink which item? (? for menu, Esc to quit)
You feel yourself speed up. Something hits you!
You die...

▓+▓
▓.▓
▓.▓
▓.▓
▓.▓
▓o▓
▓z▓
▓)▓
▓@▓
▓.▓
▓)▓
▓.▓
▓.▓
▓)▓
▓|▓
▓.▓
▓.▓


You could see a wight and an orc.

Vanquished Creatures
  An ogre (D)
  A centaur (D)
  A killer bee (D)
  A worker ant (D)
  2 goblins (D)
  3 hobgoblins (D)
  A kobold (D)
  2 bats (D)
  A giant newt (D)
13 creatures vanquished.

Notes
Turn   | Place    | Note
--------------------------------------------------------------
     0 | D        | Monkaria, the Hill Orc Fighter, began the quest for the Orb.
     0 | D        | Reached XP level 1. HP: 19/19 MP: 1/1
    17 | D        | Reached skill level 4 in Fighting
    25 | D        | Reached XP level 2. HP: 17/28 MP: 2/2
    32 | D        | Noticed a centaur
    48 | D        | Killed a centaur
    48 | D        | Reached skill level 6 in Fighting
    48 | D        | Reached skill level 8 in Long Blades
    48 | D        | Reached XP level 3. HP: 8/38 MP: 3/3
    48 | D        | Reached XP level 4. HP: 9/45 MP: 4/4
   158 | D        | Found a glowing silver altar of Zin.
   158 | D        | Found a glowing golden altar of the Shining One.
   158 | D        | Found an ancient bone altar of Kikubaaqudgha.
   158 | D        | Found a basalt altar of Yredelemnul.
   158 | D        | Found a shimmering altar of Xom.
   158 | D        | Found a radiant altar of Vehumet.
   158 | D        | Found an iron altar of Okawaru.
   159 | D        | Found a burning altar of Makhleb.
   160 | D        | Found a deep blue altar of Sif Muna.
   161 | D        | Found a bloodstained altar of Trog.
   162 | D        | Found a sparkling altar of Nemelex Xobeh.
   163 | D        | Found a white marble altar of Elyvilon.
   164 | D        | Found a roughly hewn altar of Beogh.
   165 | D        | Found a viscous altar of Jiyva.
   166 | D        | Found a corrupted altar of Lugonu.
   167 | D        | Found a blossoming altar of Fedhas.
   168 | D        | Became a worshipper of Makhleb the Destroyer
   169 | D        | Found a snail-covered altar of Cheibriados.
   170 | D        | Found a shadowy altar of Dithmenos.
   171 | D        | Found a stormy altar of Qazlal.
   172 | D        | Found an opulent altar of Gozag.
   173 | D        | Found a sacrificial altar of Ru.
   297 | D        | Noticed a wight
   297 | D        | Noticed a worker ant
   297 | D        | Noticed a killer bee
   297 | D        | Noticed an ogre
   301 | D        | Killed an ogre
   301 | D        | Reached skill level 9 in Long Blades
   301 | D        | Reached XP level 5. HP: 40/56 MP: 5/5
   314 | D        | Killed a killer bee
   314 | D        | Acquired Makhleb's first power
   314 | D        | Reached skill level 10 in Long Blades
   314 | D        | Reached XP level 6. HP: 29/63 MP: 6/6
   318 | D        | Killed a worker ant
   318 | D        | Reached skill level 11 in Long Blades
   336 | D        | Slain by an unseen horror

Action                   |  1- 3 |  4- 6 || total
-------------------------+-------+-------++-------
Melee: Long sword        |    36 |     4 ||    40
       Scimitar          |       |    31 ||    31
  Use: Potion            |       |     8 ||     8
